 Dungeon Crawl Stone Soup version 0.24-a0-459-g225fefd530 (webtiles) character file.

Game seed: 1867219468639178994

5490 pk666 the Thaumaturge (level 10, 0/50 HPs)
             Began as a Deep Elf Wizard on June 28, 2019.
             Was a Follower of Vehumet.
             Slain by Urug
             ... wielding a +5 demon trident
              (19 damage)
             ... on level 1 of the Lair of Beasts.
             The game lasted 00:26:55 (13945 turns).

pk666 the Thaumaturge (Deep Elf Wizard)            Turns: 13945, Time: 00:26:56

Health: 0/50       AC:  4    Str:  4    XL:     10   Next: 42%
Magic:  0/36       EV: 17    Int: 27    God:    Vehumet [*.....]
Gold:   205        SH:  0    Dex: 13    Spells: 22/31 levels left

rFire    . . .     SeeInvis .   j - +1 dagger (flame)
rCold    . . .     Gourm    .   (no shield)
rNeg     . . .     Faith    .   a - +0 robe
rPois    .         Spirit   +   b - +0 hat
rElec    .         Reflect  .   K - +0 cloak
rCorr    .         Harm     .   (no gloves)
MR       ++...                  N - +0 pair of boots {Stlth+}
Stlth    +++.......             G - amulet of guardian spirit
HPRegen  0.16/turn              B - ring of magical power
MPRegen  0.25/turn              r - ring of protection from magic

@: no status effects
A: no striking features
a: Renounce Religion


You were on level 1 of the Lair of Beasts.
You worshipped Vehumet.
Vehumet was aware of your devotion.
You were not hungry.

You visited 3 branches of the dungeon, and saw 12 of its levels.

You collected 321 gold pieces.
You spent 116 gold pieces at shops.

Inventory:

Hand Weapons
 j - a +1 dagger of flaming (weapon)
Armour
 a - a +0 robe (worn)
 b - a +0 hat (worn)
 H - a scarf of resistance
 K - a +0 cloak (worn)
 N - a +0 pair of boots of stealth (worn)
Jewellery
 o - an uncursed ring of fire
 p - an uncursed ring of resist corrosion
 q - an uncursed ring of stealth
 r - a ring of protection from magic (right hand)
 B - a ring of magical power (left hand)
 C - an uncursed ring of flight
 G - an amulet of guardian spirit (around neck)
 M - a cursed ring of stealth
Wands
 z - a wand of polymorph (14)
 F - a wand of iceblast (10)
 L - a wand of disintegration (20)
 O - a wand of acid (13)
 U - a wand of flame (20)
Scrolls
 c - 10 scrolls of identify
 f - 2 scrolls of random uselessness {unknown}
 h - 2 scrolls of blinking {unknown}
 k - 3 scrolls of enchant weapon {unknown}
 u - 4 scrolls of remove curse
 y - 5 scrolls of teleportation
 A - a scroll of fog {unknown}
 D - 4 scrolls of magic mapping {unknown}
 E - 4 scrolls of fear {unknown}
 I - 2 scrolls of amnesia {unknown}
 J - a scroll of summoning {unknown}
 Q - 3 scrolls of noise {unknown}
 R - a scroll of brand weapon {unknown}
Potions
 e - a potion of cancellation {unknown}
 g - a potion of agility
 i - 2 potions of heal wounds {unknown}
 l - a potion of invisibility {unknown}
 m - 2 potions of magic {unknown}
 n - 4 potions of flight {unknown}
 s - 6 potions of curing
 t - a potion of resistance {unknown}
 v - 3 potions of mutation
 w - a potion of lignification {unknown}
 x - 2 potions of degeneration {unknown}
 P - a potion of haste
 S - a potion of brilliance {unknown}
Comestibles
 d - 13 rations
 T - a chunk of flesh


   Skills:
 + Level 8.2 Dodging
 - Level 2.4 Stealth
 + Level 11.0 Spellcasting
 + Level 8.6 Conjurations
   Level 1.1 Summonings
 - Level 3.0 Translocations
 + Level 8.1 Fire Magic
 - Level 2.1 Air Magic
 - Level 3.0 Poison Magic


You had 22 spell levels left.
You knew the following spells:

 Your Spells              Type           Power        Failure   Level  Hunger
a - Magic Dart            Conj           ####         1%          1    None
b - Blink                 Tloc           N/A          1%          2    None
c - Conjure Flame         Conj/Fire      ######..     1%          3    None
d - Mephitic Cloud        Conj/Pois/Air  #####...     1%          3    None

Your spell library contained the following spells:

 Spells                   Type           Power        Failure   Level  Hunger
 Shock                    Conj/Air       ####         1%          1    None
 Summon Small Mammal      Summ           ###.         2%          1    None
 Beastly Appendage        Tmut           ##....       3%          1    None
 Infusion                 Chrm           ##..         3%          1    None
 Call Imp                 Summ           ###.....     3%          2    None
 Slow                     Hex            ##......     6%          2    None
 Sticks to Snakes         Tmut           ##......     6%          2    None
 Spider Form              Tmut/Pois      ###.......   6%          3    None
 Call Canine Familiar     Summ           ###.....     8%          3    None
 Summon Guardian Golem    Hex/Summ       ###.....     10%         3    None
 Summon Lightning Spire   Summ/Air       ###.....     21%         4    None
 Summon Ice Beast         Ice/Summ       ###.....     30%         4    None
 Ice Form                 Ice/Tmut       ##......     36%         4    None
 Blade Hands              Tmut           ##........   71%         5    ###....


Dungeon Overview and Level Annotations

Branches:
Dungeon (10/15)            Temple (1/1) D:7            Lair (1/6) D:8
    Orc: D:9-12

Altars:
Ashenzari
Cheibriados
Dithmenos
Elyvilon
Fedhas
Gozag
Hepliaklqana
Kikubaaqudgha
Makhleb
Nemelex Xobeh
Okawaru
Qazlal
Ru
Sif Muna
Trog
Uskayaw
Vehumet
Wu Jian
Xom
Yredelemnul
Zin
The Shining One

Shops:
D:4 ?   D:5 ?

Annotations:
D:3 exclusion: downstairs
D:9 3 runed translucent doors
D:10 Harold
Lair:1 Urug


Message History

Urug is moderately wounded.
Urug closely misses you.
Casting: Magic Dart (safe; 1% risk of failure)
Confirm with . or Enter, or press ? or * to list all spells.
Aiming: Magic Dart (safe; 1% risk of failure)
Press: ? - help, Shift-Dir - straight line, f/p - Urug
Aim: Urug, wielding a +5 demon trident and wearing a +0 chain mail (moderately wounded, confused)
The magic dart hits Urug but does no damage.
Urug is moderately wounded.
Urug hits you with a +5 demon trident!
Casting: Magic Dart (safe; 1% risk of failure)
Confirm with . or Enter, or press ? or * to list all spells.
Aiming: Magic Dart (safe; 1% risk of failure)
Press: ? - help, Shift-Dir - straight line, f/p - Urug
Aim: Urug, wielding a +5 demon trident and wearing a +0 chain mail (moderately wounded, confused)
The magic dart hits Urug.
Urug is moderately wounded.
Urug completely misses you. Urug hits you with a +5 demon trident!!
You die...

........#.##P%..##
.........#.#.....#
......###.......#
...#### #.....###
..### ##....##
#.#.####....##
........#..#######
..........## #P..#
........### ##.o@#
P#P###..# ##...##
#### #..####....#
#####..#....#.##
..............##
.............##
#.....#.....##
####.######## ##


You could see Urug (confused).

Vanquished Creatures
  A hornet (D:9)
  4 hippogriffs
  2 yaks (Lair:1)
  A wyvern (D:10)
  3 wargs (D:8)
  A water moccasin (D:8)
  2 sky beasts
  2 ice beasts
  2 black bears (D:8)
  A necrophage (D:9)
  2 orc warriors
  A phantom (D:8)
  4 centaurs
  6 ogres
  A crocodile (Lair:1)
  5 bullfrogs
  A wyvern skeleton (D:9)
  A killer bee (D:10)
  4 crimson imps
  A bullfrog zombie (D:10)
  3 jellies
  A quasit (D:10)
  5 hounds
  4 bullfrog skeletons
  An orc priest (D:8)
  Jessica (D:2)
  2 iguanas
  Ijyb (D:4)
  11 orc wizards
  Natasha (thrice) (D:2)
  9 worker ants
  A killer bee zombie (D:6)
  A hound skeleton (D:8)
  9 adders
  4 gnolls
  A howler monkey skeleton (D:7)
  A shadow imp (D:5)
  An ooze (D:4)
  2 adder zombies
  An adder skeleton (D:5)
  2 worms (D:2)
  3 dart slugs
  2 leopard geckos
  31 orcs
  4 giant cockroaches
  8 goblins
  6 hobgoblins
  9 jackals
  7 kobolds
  4 quokkas
  A ball python (D:1)
  8 bats
  5 frilled lizards
  7 rats
204 creatures vanquished.

Vanquished Creatures (others)
  A fungus (Lair:1)
1 creature vanquished.

Grand Total: 205 creatures vanquished

Notes
Turn   | Place    | Note
-------+----------+-------------------------------------------
     0 | D:1      | pk666 the Deep Elf Wizard began the quest for the Orb.
     0 | D:1      | Reached XP level 1. HP: 10/10 MP: 7/7
   312 | D:1      | Reached XP level 2. HP: 15/15 MP: 6/9
   805 | D:1      | Reached XP level 3. HP: 19/19 MP: 8/11
   809 | D:1      | Learned a level 2 spell: Blink
   813 | D:1      | Learned a level 3 spell: Conjure Flame
   817 | D:1      | Learned a level 3 spell: Mephitic Cloud
  1135 | D:2      | Noticed Natasha
  1144 | D:2      | Killed Natasha
  1144 | D:2      | Reached skill level 5 in Spellcasting
  1389 | D:2      | Noticed Natasha
  1396 | D:2      | Killed Natasha
  1396 | D:2      | Reached skill level 1 in Air Magic
  1396 | D:2      | Reached XP level 4. HP: 24/24 MP: 1/13
  1497 | D:2      | Reached skill level 1 in Fire Magic
  1525 | D:2      | Noticed Natasha
  1531 | D:2      | Killed Natasha
  1531 | D:2      | Reached skill level 1 in Poison Magic
  2102 | D:2      | Reached XP level 5. HP: 28/28 MP: 10/14
  2479 | D:2      | Noticed Jessica
  2483 | D:2      | Killed Jessica
  2515 | D:2      | Identified Jessica's Catalogue of Enhancements
  3616 | D:3      | Found a snail-covered altar of Cheibriados.
  3689 | D:4      | Noticed an ogre
  3689 | D:4      | Noticed an ogre
  3719 | D:4      | Found Ulagg's Magic Scroll Shoppe.
  3747 | D:4      | Bought a scroll of identify for 26 gold pieces
  3909 | D:4      | Noticed Ijyb
  3911 | D:4      | Paralysed by Ijyb for 2 turns
  3916 | D:4      | Paralysed by Ijyb for 2 turns
  3922 | D:4      | Killed Ijyb
  3922 | D:4      | Reached XP level 6. HP: 27/32 MP: 7/16
  4441 | D:4      | Reached skill level 6 in Spellcasting
  4570 | D:4      | Found a glowing silver altar of Zin.
  4571 | D:4      | Found a hazy altar of Hepliaklqana.
  4571 | D:4      | Found a glowing golden altar of the Shining One.
  4572 | D:4      | Found a bloodstained altar of Trog.
  4593 | D:4      | Reached XP level 7. HP: 36/36 MP: 1/18
  5272 | D:5      | Entered Level 5 of the Dungeon
  5328 | D:5      | Found Pyvunus's Magic Scroll Shop.
  5425 | D:5      | Bought a scroll of teleportation for 45 gold pieces
  5425 | D:5      | Bought a scroll of remove curse for 45 gold pieces
  5626 | D:5      | Found a shadowy altar of Dithmenos.
  5633 | D:5      | Reached skill level 7 in Spellcasting
  6128 | D:6      | Found a stormy altar of Qazlal.
  6302 | D:6      | Reached skill level 5 in Conjurations
  6909 | D:6      | Reached XP level 8. HP: 41/41 MP: 15/21
  7714 | D:7      | Found a staircase to the Ecumenical Temple.
  7738 | Temple   | Entered the Ecumenical Temple
  7907 | Temple   | Became a worshipper of Vehumet
  8299 | D:7      | Reached skill level 8 in Spellcasting
  8542 | D:8      | Reached skill level 5 in Fire Magic
  8980 | D:8      | Noticed a hippogriff
  9176 | D:8      | Reached skill level 5 in Dodging
  9235 | D:8      | Killed a hippogriff
  9260 | D:8      | Reached XP level 9. HP: 43/45 MP: 2/23
  9601 | D:8      | Noticed a red ugly thing
  9838 | D:8      | Reached skill level 9 in Spellcasting
 10960 | D:8      | Reached * piety under Vehumet
 10960 | D:8      | Offered knowledge of Shock by Vehumet.
 11136 | D:8      | Found a staircase to the Lair.
 11284 | D:8      | Reached skill level 10 in Spellcasting
 11654 | D:9      | Found a runed translucent gate.
 11654 | D:9      | Found a runed translucent gate.
 11654 | D:9      | Found a runed translucent gate.
 11655 | D:9      | Noticed a glowing orange brain
 11655 | D:9      | Noticed a cyan ugly thing
 11655 | D:9      | Noticed a red ugly thing
 11655 | D:9      | Noticed a green ugly thing
 11656 | D:9      | Noticed a green very ugly thing
 12177 | D:9      | Noticed a brown ugly thing
 12177 | D:9      | Noticed a red ugly thing
 12241 | D:10     | Entered Level 10 of the Dungeon
 12521 | D:10     | Reached XP level 10. HP: 47/50 MP: 19/26
 12839 | D:10     | Noticed Harold
 13338 | Lair:1   | Entered Level 1 of the Lair of Beasts
 13690 | Lair:1   | Noticed Urug
 13711 | D:8      | Reached skill level 11 in Spellcasting
 13945 | Lair:1   | Slain by Urug

Levels and vault maps discovered:
D:1:      zaba_arrival_water, layout_loops_ring
D:2:      minmay_spotlight, layout_basic, first_ration, grunt_decor_clamped,
          kennysheep_jessica_study, uniq_jessica, uniq_natasha
D:3:      layout_rooms, minmay_misc_feat_x, kennysheep_slug_shrine
D:4:      layout_rooms, chequers_temple_overflow_statue_of_worship,
          serial_shops, shop_fountains, uniq_ijyb
D:5:      layout_basic, serial_shops, shop, grunt_dithmenos_shadows
D:6:      layout_layer_cave, old_standard_altar
D:7:      layout_basic, minmay_temple_entry_glass
D:8:      layout_loops_ring, erik_lair_orcish_takeover
D:9:      layout_rooms, ploomutoo_gammafunk_ghost_potion_laboratory
D:10:     statuecave_lemuel, layout_cave_pools, hangedman_fish_farm,
          nicolae_looking_at_the_future, uniq_harold
Temple:   regret_index_temple_sphere_string
Lair:1:   layout_concentric_octagons, grunt_megastairs_1, lemuel_fruit_tree,
          uniq_urug

Skill      XL: |  1  2  3  4  5  6  7  8  9 10 |
---------------+-------------------------------+-----
Dodging        | 3 5 7 8 |  8.2
Conjurations   | 2 3 5 6 7 8 |  8.6
Spellcasting   | 5 6 7 8 10 11 | 11.0
Air Magic      | 1 2 |  2.1
Fire Magic     | 1 2 4 5 7 8 |  8.1
Poison Magic   | 1 2 3 |  3.0
Translocations | 2 3 |  3.0
Stealth        | |  2.4
Summonings     | |  1.1

Action                   |  1- 3 |  4- 6 |  7- 9 | 10-12 || total
-------------------------+-------+-------+-------+-------++-------
Melee: Dagger            |       |     2 |    11 |     5 ||    18
 Cast: Magic Dart        |    91 |   162 |   502 |   145 ||   900
       Mephitic Cloud    |       |     5 |    23 |    14 ||    42
       Conjure Flame     |       |     4 |    20 |     4 ||    28
       Blink             |       |       |     8 |     8 ||    16
  Use: Scroll            |       |       |     2 |     1 ||     3
       Potion            |       |       |       |     1 ||     1
 Stab: Sleeping          |       |       |       |     1 ||     1
  Eat: Chunk             |       |     8 |    17 |     4 ||    29
       Ration            |       |     1 |     2 |       ||     3
Armor: Robe              |     1 |     3 |    20 |     7 ||    31
Dodge: Dodged            |    12 |    11 |   121 |    67 ||   211

Table legend:
 A = Non-vault XP
 B = Vault XP
 C = Vault XP percentage of total XP
 D = Non-vault monster count
 E = Vault monster count
 F = Vault count percentage of total count
                 A         B        C        D         E       F
            +---------+---------+-------+---------+---------+-------
      Total |    7001 |     842 |  10.7 |     186 |      18 |   8.8
            +---------+---------+-------+---------+---------+-------
        D:1 |      43 |       0 |   0.0 |      27 |       0 |   0.0
        D:2 |     122 |      94 |  43.5 |      21 |       6 |  22.2
        D:3 |      81 |       4 |   4.7 |      12 |       1 |   7.7
        D:4 |     665 |      36 |   5.1 |      27 |       1 |   3.6
        D:5 |     260 |      11 |   4.1 |      11 |       1 |   8.3
        D:6 |     173 |       0 |   0.0 |       5 |       0 |   0.0
        D:7 |     469 |       0 |   0.0 |      12 |       0 |   0.0
        D:8 |    2426 |     604 |  19.9 |      36 |       8 |  18.2
        D:9 |     772 |       0 |   0.0 |      12 |       0 |   0.0
       D:10 |    1248 |       0 |   0.0 |      17 |       0 |   0.0
     Lair:1 |     742 |      93 |  11.1 |       6 |       1 |  14.3
            +---------+---------+-------+---------+---------+-------
